 Dungeon Crawl Stone Soup version 0.24.0-125-gc4c63601f3 (webtiles) character file.

Game seed: 6718310873861667344, levelgen mode: deterministic

3509 Nephtyrin the Ruffian (level 9, 0/87 HPs)
             Began as a Troll Transmuter on Mar 17, 2020.
             Was an Elder of Dithmenos.
             Slain by an eight-headed hydra (9 damage)
             ... on level 7 of the Dungeon.
             The game lasted 01:00:28 (6890 turns).

Nephtyrin the Ruffian (Troll Transmuter)            Turns: 6890, Time: 01:00:29

Health: 0/87       AC: 10    Str: 25    XL:     9   Next: 81%
Magic:  0/14       EV: 10    Int:  9    God:    Dithmenos [****..]
Gold:   478        SH:  0    Dex: 10    Spells: 13/16 levels left

rFire    . . .     SeeInvis .     - Unarmed
rCold    . . .     Gourm    +   (no shield)
rNeg     . . .     Faith    .   o - +2 troll leather armour {Purgy}
rPois    +         Spirit   +   (helmet restricted)
rElec    .         Reflect  .   w - scarf {Spirit}
rCorr    .         Harm     .   (gloves unavailable)
MR       .....                  (boots unavailable)
Stlth    +.........             (no amulet)
HPRegen  1.04/turn              i - ring of poison resistance
MPRegen  0.14/turn              (no ring)

@: very slightly contaminated, wreathed by umbra
A: large, unfitting armour, claws 3, hooves 1, blurry vision 1, fast metabolism
3, gourmand, regeneration 1, shaggy fur 1, strong 1, tough skin 3, sturdy frame
1
a: Shadow Step, Renounce Religion


You were on level 7 of the Dungeon.
You worshipped Dithmenos.
Dithmenos was greatly pleased with you.
You were not hungry.

You visited 2 branches of the dungeon, and saw 9 of its levels.
You also visited: Ossuary.

You collected 478 gold pieces.

Inventory:

Missiles
 a - 21 arrows
Armour
 n - a +0 shield
 o - a +2 troll leather armour (worn) {Purgy}
 w - a scarf of spirit shield (worn)
Jewellery
 g - an uncursed amulet of magic regeneration
 i - a ring of poison resistance (left claw)
 j - an uncursed amulet of magic regeneration
 m - an uncursed ring of poison resistance
 q - an uncursed ring of see invisible {unknown}
 y - an uncursed ring of resist corrosion
 A - an uncursed ring of stealth {unknown}
Wands
 r - a wand of polymorph (12)
Scrolls
 b - a scroll of blinking
 e - a scroll of magic mapping
 f - 3 scrolls of remove curse
 k - a scroll of enchant weapon {unknown}
 l - a scroll of random uselessness {unknown}
 p - 2 scrolls of immolation
 t - 2 scrolls of teleportation
 u - a scroll of amnesia
Potions
 c - 4 potions of curing
 s - a potion of flight {unknown}
 v - a potion of mutation
 x - a potion of invisibility {unknown}
Comestibles
 d - 7 rations


   Skills:
 + Level 4.9 Fighting
 - Level 2.4 Dodging
 - Level 0.3 Stealth
 + Level 7.6 Unarmed Combat
 + Level 4.0 Spellcasting
 * Level 6.6 Transmutations


You had 13 spell levels left.
You knew the following spells:

 Your Spells              Type           Power        Failure   Level  Hunger
a - Beastly Appendage     Tmut           ##....       1%          1    #......
b - Blink                 Tloc           N/A          38%         2    ###....

Your spell library contained the following spells:

 Spells                   Type           Power        Failure   Level  Hunger
 Sticks to Snakes         Tmut           ##......     2%          2    ###....
 Spider Form              Tmut/Pois      #.........   22%         3    ###....
 Magic Dart               Conj           #...         26%         1    #......
 Summon Small Mammal      Summ           #...         26%         1    #......
 Call Imp                 Summ           #.......     38%         2    ###....
 Slow                     Hex            #.......     38%         2    ###....
 Blade Hands              Tmut           ##........   45%         5    ######.
 Ice Form                 Ice/Tmut       #.......     56%         4    #####..
 Call Canine Familiar     Summ           #.......     63%         3    ###....
 Conjure Flame            Conj/Fire      #.......     63%         3    ###....
 Mephitic Cloud           Conj/Pois/Air  #.......     63%         3    ###....
 Summon Guardian Golem    Hex/Summ       #.......     63%         3    ###....
 Summon Ice Beast         Ice/Summ       #.......     95%         4    #####..
 Summon Lightning Spire   Summ/Air       #.......     95%         4    #####..


Dungeon Overview and Level Annotations

Branches:
Dungeon (8/15)             Temple (1/1) D:4         Ossuary (visited)
   Lair: D:8-11

Altars:
Cheibriados
Dithmenos
Elyvilon
Fedhas
Gozag
Hepliaklqana
Kikubaaqudgha
Makhleb
Nemelex Xobeh
Okawaru
Qazlal
Ru
Trog
Uskayaw
Vehumet
Wu Jian
Xom
Yredelemnul
Zin
The Shining One
Beogh

Shops:
D:4 :   D:6 (

Annotations:
D:8 2 transporters, Grum


Innate Abilities, Weirdness & Mutations

You are too large for most types of armour.
You have claws for hands.
Your metabolism is lightning-fast.
You like to eat raw meat.
Your natural rate of healing is unusually fast.
You are covered in fur. (AC +1)
You have extremely tough skin. (AC +3)
You have large cloven feet.
Scrolls take you a little longer to read.
Your muscles are strong. (Str +2)
Your movements are slightly less encumbered by armour. (ER -2)


Message History

You feel better. The eight-headed hydra bites you.
* * * LOW HITPOINT WARNING * * *
The eight-headed hydra bites you but does no damage.
The eight-headed hydra bites you.
* * * LOW HITPOINT WARNING * * *
The eight-headed hydra bites you.
* * * LOW HITPOINT WARNING * * *
The eight-headed hydra bites you.
* * * LOW HITPOINT WARNING * * *
The eight-headed hydra bites you!
* * * LOW HITPOINT WARNING * * *
The eight-headed hydra closely misses you.
The eight-headed hydra barely misses you.
Really read with blurry vision while enemies are nearby? [Y]es or [N]o only, please.
Really read with blurry vision while enemies are nearby? [Y]es or [N]o only, please.
Really read with blurry vision while enemies are nearby?
The eight-headed hydra bites you!
You die...

.................≈≈≈≈............
....................≈.....[......
.................≈≈≈≈............
..#.#........#...................
..#...$.....<#...................
.............+...................
.............#.##...........#....
#######......#...................
...........####D@............#+#+
####.#####.............#.....#.#.
#.#.#.#.######...#.....#.......#.
.#.#.#.#.# ###......##.........
.#.#.#.#. ##....(##.........
#.#.#.#.###### ##...###.........
#.#.#.#.#....## #...# #.[.......
.#.#.#.#.###..## ##..###.........
.#.#.#.#.# ##..# #........##....


You could see an eight-headed hydra.

Vanquished Creatures
  Prince Ribbit (D:7)
  A hippogriff (D:7)
  2 wraiths
  A basilisk (D:7)
  A hungry ghost (D:7)
  A vampire mosquito (D:7)
  A phantom (D:8)
  An ogre (D:4)
  2 sky beasts
  A black bear (D:7)
  Purgy (D:3)
  3 orc warriors (D:7)
  A centaur (D:8)
  A wolf (D:8)
  A bullfrog (D:7)
  A water moccasin zombie (D:7)
  2 scorpions
  A water moccasin skeleton (D:6)
  A killer bee (D:3)
  2 crimson imps
  2 jellies (D:7)
  3 bullfrog skeletons
  4 hounds
  2 orc priests
  6 orc wizards
  2 iguanas
  Terence (D:3)
  8 worker ants
  A hound skeleton (D:7)
  2 mummies
  A worker ant zombie (D:5)
  4 gnolls (D:2)
  13 adders
  2 oozes
  2 worms
  3 leopard geckos
  21 orcs
  2 ball pythons
  3 bats
  6 giant cockroaches
  6 goblins
  7 hobgoblins
  9 jackals
  11 kobolds
  6 quokkas
  4 frilled lizards
  5 gnoll skeletons (Ossuary)
  7 kobold skeletons (Ossuary)
  A leopard gecko skeleton (D:4)
  A leopard gecko zombie (D:5)
  13 orc skeletons (Ossuary)
  9 rats
193 creatures vanquished.

Notes
Turn   | Place    | Note
-------+----------+-------------------------------------------
     0 | D:1      | Nephtyrin the Troll Transmuter began the quest for the Orb.
     0 | D:1      | Reached XP level 1. HP: 18/18 MP: 1/1
   305 | D:1      | Reached XP level 2. HP: 26/26 MP: 2/2
  1034 | D:2      | Reached XP level 3. HP: 31/32 MP: 4/4
  1090 | D:2      | Found a shadowy altar of Dithmenos.
  1098 | D:2      | Reached skill level 4 in Unarmed Combat
  1111 | D:2      | Became a worshipper of Dithmenos the Shadowed
  1178 | D:2      | Reached XP level 4. HP: 33/40 MP: 5/5
  1311 | D:2      | Found an ornate altar of the Wu Jian Council.
  1575 | D:3      | Reached skill level 1 in Fighting
  1575 | D:3      | Reached XP level 5. HP: 48/48 MP: 6/6
  1633 | D:3      | Found a blossoming altar of Fedhas.
  1805 | D:3      | Found a shimmering altar of Xom.
  1812 | D:3      | Found a transporter.
  1827 | D:3      | Found a transporter.
  2031 | D:3      | Noticed Purgy
  2040 | D:3      | Killed Purgy
  2040 | D:3      | Reached skill level 5 in Unarmed Combat
  2040 | D:3      | Reached XP level 6. HP: 41/55 MP: 7/7
  2081 | D:3      | Noticed Terence
  2094 | D:3      | Killed Terence
  2227 | D:3      | Reached * piety under Dithmenos
  2580 | D:4      | Found a bloodstained altar of Trog.
  2702 | D:4      | Reached XP level 7. HP: 65/65 MP: 9/9
  2768 | D:4      | Learned a level 2 spell: Blink
  2871 | D:4      | Found a sacrificial altar of Ru.
  2906 | D:4      | Found Teoplete's Book Shop.
  2982 | D:4      | Found a staircase to the Ecumenical Temple.
  3027 | D:4      | Found a glowing silver altar of Zin.
  3032 | D:4      | Found an ancient bone altar of Kikubaaqudgha.
  3034 | D:4      | Found a basalt altar of Yredelemnul.
  3039 | D:4      | Found an iron altar of Okawaru.
  3128 | D:5      | Entered Level 5 of the Dungeon
  3285 | D:5      | Found a burning altar of Makhleb.
  3348 | D:5      | Reached ** piety under Dithmenos
  3802 | D:5      | Gained mutation: Scrolls take you a little longer to read.
                  | [potion of mutation]
  3802 | D:5      | Gained mutation: Your movements are slightly less
                  | encumbered by armour. (ER -2) [potion of mutation]
  3802 | D:5      | Gained mutation: You have large cloven feet. [potion of
                  | mutation]
  3802 | D:5      | Gained mutation: Your muscles are strong. (Str +2) [potion
                  | of mutation]
  4061 | D:6      | Reached XP level 8. HP: 74/74 MP: 10/10
  4068 | D:6      | Found a sand-covered staircase.
  4079 | Ossuary  | Entered an ossuary
  4180 | Ossuary  | Reached *** piety under Dithmenos
  4272 | Ossuary  | Reached skill level 6 in Unarmed Combat
  4591 | D:6      | Found a stormy altar of Qazlal.
  4781 | D:6      | Found Velel's Antique Weapon Shop.
  5343 | Temple   | Entered the Ecumenical Temple
  5678 | D:7      | Reached skill level 5 in Transmutations
  5710 | D:7      | Reached XP level 9. HP: 65/84 MP: 8/13
  5725 | D:7      | Noticed a five-headed hydra
  5743 | D:7      | Found a sparkling altar of Nemelex Xobeh.
  5779 | D:7      | Noticed Prince Ribbit
  5809 | D:8      | Noticed a gargoyle
  5823 | D:8      | Noticed Grum
  5952 | D:8      | Found an opulent altar of Gozag.
  6058 | D:8      | Found a roughly hewn altar of Beogh.
  6058 | D:8      | Found a transporter.
  6116 | D:8      | Reached skill level 7 in Unarmed Combat
  6143 | D:8      | Found a transporter.
  6210 | D:7      | Reached **** piety under Dithmenos
  6380 | D:7      | Killed Prince Ribbit
  6619 | D:7      | Found the +7 sceptre of Torment {pain, torment}
  6890 | D:7      | Slain by an eight-headed hydra

Levels and vault maps discovered:
D:1:      onia_arrival_pentagram, layout_basic
D:2:      minmay_razor_zed, layout_basic, lemuel_coloured_pillars_altar,
          old_standard_altar
D:3:      layout_loops_ring, gammafunk_temple_overflow_arena, fedhas_altar_1,
          minmay_misc_feat_encased, uniq_purgy, uniq_terence
D:4:      layout_rooms, overflow_temple_1_default,
          nicolae_ru_the_path_less_chosen, minitemple,
          minmay_temple_entry_drinking_statues, serial_shops, shop
D:5:      layout_basic, first_ration, minmay_parallelograms, bloody_makhleb
D:6:      layout_basic, serial_shops, shop_coins, gup_ossuary_entry_pyramid,
          hangedman_abyss_or_decor_stabs, nicolae_qazlal_general_emergency
D:7:      minmay_the_grid_plus_closed [minmay_the_grid_pillar_ring,
          minmay_the_grid_doors, minmay_the_grid_stretched_grid,
          minmay_the_grid_zigzag_pyramid,
          minmay_the_grid_prize_four_corners_diamond_b], layout_basic,
          lemuel_round_altar, serial_shops, nicolae_shop_statue_plus,
          chequers_serial_rivers_micro_d, uniq_prince_ribbit1
D:8:      gammafunk_beogh_shrine, layout_gridville, lemuel_doored_altar,
          basic_altar, grunt_livestock, grunt_gozag_breadcrumbs, uniq_grum
Temple:   compressed_dpeg_triangle_lava_temple

Skill      XL: |  1  2  3  4  5  6  7  8  9 |
---------------+----------------------------+-----
Dodging        | 2 |  2.4
Unarmed Combat | 4 5 6 7 |  7.6
Fighting       | 1 2 4 |  4.9
Transmutations | 2 3 4 5 6 |  6.6
Spellcasting   | 2 3 4 |  4.0
Stealth        | |  0.3

Action                   |  1- 3 |  4- 6 |  7- 9 || total
-------------------------+-------+-------+-------++-------
Melee: Unarmed           |    73 |   138 |   414 ||   625
       Punch             |     2 |     1 |    15 ||    18
       Kick              |       |     2 |    62 ||    64
       Headbutt          |       |       |    11 ||    11
 Cast: Beastly Appendage |       |     1 |     9 ||    10
       Blink             |       |       |     1 ||     1
  Use: Scroll            |     2 |     8 |     8 ||    18
       Potion            |     2 |       |     7 ||     9
 Stab: Sleeping          |       |       |     1 ||     1
  Eat: Chunk             |     4 |    15 |    25 ||    44
       Ration            |     1 |     1 |     4 ||     6
Armor: Robe              |    29 |    29 |       ||    58
       Troll leather arm |       |    12 |   145 ||   157
Dodge: Dodged            |    35 |    67 |   251 ||   353
